[Event "*** Titled Tuesday Blitz"]
[Site "Chess.com"]
[Date "2019.08.06"]
[Round "5"]
[White "FredddieCroderg"]
[Black "Roachelley"]
[Result "1-0"]
[WhiteElo "2160"]
[BlackElo "2212"]
[TimeControl "180+2"]
[EndTime "14:04:33 PDT"]
[Termination "FredddieCroderg won by checkmate"]

1. d4 d5 2. c4 c6 3. Nf3 Nf6 4. Nc3 e6 5. Bg5 dxc4 6. e4 b5 7. e5 h6 8. Bh4 g5 9. Nxg5 hxg5 10. Bxg5 Nbd7 11. exf6 Bb7 12. g3 Qb6 13. Bg2 O-O-O 14. O-O c5 15. d5 b4 16. Rb1 Qa6 17. dxe6 Bxg2 18. Kxg2 Qxe6 19. h4 bxc3 20. bxc3 Ne5 21. Rb8+ Kxb8 22. Qxd8+ Kb7 23. Rb1+ Ka6 24. Qb8 Qc6+ 25.
Kh3 Nf3 26. Bf4 Qe6+ 27. Kg2 Qc6 28. Kh3 Qe6+ 29. Kg2 Qc6 30. Kf1 Nh2+ 31. Ke1 Qe4+ 32. Be3 Qh1+ 33. Ke2 Qf3+ 34. Kd2 Qd5+ 35. Kc1 Bg7 36.
Qb2 Qh1+ 37. Kc2 Qe4+ 38. Kc1 Qh1+ 39. Kd2 Qd5+ 40. Bd4 Nf3+ 41. Kc1 Rb8 42. Qa3# 1-0

[Event "*** Titled Tuesday Blitz"]
[Site "Chess.com"]
[Date "2019.08.06"]
[Round "5"]
[White "Irochka83"]
[Black "Morscas"]
[Result "1-0"]
[WhiteElo "2295"]
[BlackElo "2185"]
[TimeControl "180+2"]
[EndTime "14:04:35 PDT"]
[Termination "Irochka83 won by checkmate"]

1. d4 g6 2. c4 Bg7 3. e4 d6 4. Nc3 e5 5. Nf3 Nc6 6. d5 Nd4 7. Nxd4 exd4 8. Nb5 a6 9. Nxd4 Qh4 10. Be3 Qxe4 11.
Qd2 Nf6 12. f3 Qe7 13. Kf2 O-O 14. Bd3 Nd7 15. g3 Ne5 16. Rae1 Bd7 17. Kg2 Rae8 18. Bg5 f6 19. Be3 Qf7 20. Bf2 c6 21. dxc6 bxc6 22.
b3 Nxd3 23. Qxd3 d5 24. c5 a5 25. Qa6 Ra8 26. Qb7 Rfb8 27. Qc7 Bf8 28. g4 a4 29. h4 axb3 30. axb3 Bxc5 31. Nxc6 Rc8 32. Ne7+ Qxe7 33. Rxe7 Rxc7 34. Bxc5 Rxc5 35. Rxd7 Rf8 36.
Re1 Rf7 37. Re8+ Kg7 38. Rdd8 Rb7 39. Kg3 Rxb3 40. Re7+ Kh6 41. Rdd7 g5 42. Rxh7+ Kg6 43.
h5# 1-0

[Event "*** Titled Tuesday Blitz"]
[Site "Chess.com"]
[Date "2019.08.06"]
[Round "5"]
[White "bluejay1897"]
[Black "aleccable"]
[Result "1-0"]
[WhiteElo "2281"]
[BlackElo "2307"]
[TimeControl "180+2"]
[EndTime "14:04:36 PDT"]
[Termination "bluejay1897 won on time"]

1. Nf3 Nf6 2. g3 d5 3. Bg2 c6 4. O-O Bf5 5. c4 e6 6. b3 Nbd7 7. Bb2 h6 8. d3 Be7 9. Nbd2 O-O 10. Re1 Bh7 11. Qc2 a5 12. a3 Re8 13. Ne5 Nxe5 14. Bxe5 Nd7 15. Bb2 Bf6 16. Rac1 Bxb2 17. Qxb2 Qf6 18. Qxf6 Nxf6 19. cxd5 exd5 20. e4 dxe4 21. dxe4 Rad8 22. Nc4 Bxe4 23. Nxa5 Bxg2 24. Kxg2 Rd7 25.
Rxe8+ Nxe8 26. Nc4 Rd3 27. b4 Nd6 28. Nxd6 Rxd6 29. Rc3 Kf8 30. Re3 f6 31. h4 h5 32.
Kf3 Kf7 33. Kf4 Rd4+ 34. Kf3 Rd6 35. Rc3 g5 36. hxg5 fxg5 37. Ke4 Ke6 38. a4 Rd5 39. f4 Kf6 40. Rf3 g4 41. Rc3 Rd1 42. Rc5 Kg6 43.
Rg5+ Kh6 44. Kf5 Rd5+ 45. Kf6 Rd6+ 46. Kf7 Rd7+ 47. Ke6 Rd3 48. Kf6 Rxg3 49. Rg6+ Kh7 50. Rg7+ Kh8 51. Rxb7 h4 52. Kg6 1-0

[Event "*** Titled Tuesday Blitz"]
[Site "Chess.com"]
[Date "2019.08.06"]
[Round "5"]
[White "NTBT_DHS"]
[Black "Keithonsky"]
[Result "1-0"]
[WhiteElo "2666"]
[BlackElo "2447"]
[TimeControl "180+2"]
[EndTime "14:04:37 PDT"]
[Termination "NTBT_DHS won by resignation"]

1. d4 Nf6 2. c4 e6 3. Nf3 d5 4. g3 Be7 5. Bg2 dxc4 6. O-O O-O 7. Qc2 a6 8. a4 Nc6 9. Qxc4 Qd5 10. Qd3 Nb4 11.
Qd1 c5 12. Nc3 Qd8 13. Bg5 cxd4 14. Nxd4 h6 15. Bxf6 Bxf6 16. Nb3 Qe7 17. e4 Rd8 18. Qe2 e5 19. Rfd1 Be6 20. Nd5 Bxd5 21. exd5 Rac8 22. Qe4 Qd6 23. Rac1 g6 24. Na5 Rxc1 25. Rxc1 Qb6 26. Nc4 Qc5 27. Rd1 Bg7 28. Nxe5 Rxd5 29. Rxd5 Qxd5 30.
Qxb4 Qxe5 31. Qxb7 a5 32. Bd5 Qf6 33. Kg2 h5 34. h4 g5 35. hxg5 Qf5 36. b3 Kh7 37. Be4 1-0

[Event "*** Titled Tuesday Blitz"]
[Site "Chess.com"]
[Date "2019.08.06"]
[Round "5"]
[White "Tiqr777"]
[Black "Gubajdullin"]
[Result "0-1"]
[WhiteElo "2558"]
[BlackElo "2611"]
[TimeControl "180+2"]
[EndTime "14:04:38 PDT"]
[Termination "Gubajdullin won by resignation"]

1. c4 Nf6 2. Nc3 c6 3. e4 d5 4. e5 Nfd7 5. e6 fxe6 6. d4 g6 7. Nf3 Bg7 8. h4 e5 9. cxd5 cxd5 10. Nxd5 Qa5+ 11. Nc3 exd4 12. Nxd4 Qe5+ 13. Be3 Nc6 14. Nf3 Qa5 15. h5 gxh5 16. Be2 Nf6 17. Nd4 Ng4 18.
Nxc6 bxc6 19. Bxg4 Bxg4 20. Qb3 Qa6 21. f3 Bf5 22.
Rxh5 Qd3 23. Kf2 Bd4 24. Nd5 Qd2+ 25. Kg1 cxd5 26. Bxd4 Qxd4+ 27. Kh1 Bg6 28. Rxd5 Qh4+ 29. Kg1 Kf8 30. Qb7 Kg7 31. Rd7 Rhe8 32. Qc7 Rac8 33. Qxa7 Rc2 34. Qe3 Qg3 35. Rxe7+ Rxe7 36. Qxe7+ Kh6 37.
Qe3+ Kh5 38. Qc5+ Rxc5 0-1

[Event "*** Titled Tuesday Blitz"]
[Site "Chess.com"]
[Date "2019.08.06"]
[Round "5"]
[White "sebsep"]
[Black "BoboHead"]
[Result "0-1"]
[WhiteElo "2108"]
[BlackElo "2154"]
[TimeControl "180+2"]
[EndTime "14:04:38 PDT"]
[Termination "BoboHead won by resignation"]

1. e4 c5 2. Nf3 e6 3. d4 cxd4 4. Nxd4 a6 5. Nc3 Qc7 6. Be3 b5 7.
a3 Bb7 8. Bd3 Nf6 9. O-O d6 10.
Kh1 Nbd7 11. f3 Be7 12. Nb3 O-O 13. a4 b4 14. Ne2 d5 15. Ng3 Bd6 16. exd5 Nxd5 17.
Bf2 N7f6 18. Nd4 Bf4 19. Re1 h5 20. Nf1 Rfd8 21. Nb3 Bd6 22. a5 Rd7 23. g3 h4 24.
Qe2 hxg3 25. hxg3 Ng4 26. Be4 Nxf2+ 27. Qxf2 Rc8 28. Kg2 f5 29. Bxd5 Bxd5 30. Ne3 Bb7 31. Nd4 Re7 32. Rad1 f4 33. gxf4 Bxf4 34. Ng4 e5 35. Nf5 Re6 36. Re2 Rg6 37. Kg1 Rf8 38.
Nh4 Rc6 39. Rde1 e4 40. Rxe4 Rxc2 41. R4e2 Rc1 42. Rxc1 Qxc1+ 43. Kg2 Qc4 44. Ng6 Rd8 45. Qh4 Qxe2+ 0-1

[Event "*** Titled Tuesday Blitz"]
[Site "Chess.com"]
[Date "2019.08.06"]
[Round "5"]
[White "Sanan_Sjugirov"]
[Black "Ginzburg_Yakov"]
[Result "1-0"]
[WhiteElo "2889"]
[BlackElo "2507"]
[TimeControl "180+2"]
[EndTime "14:04:39 PDT"]
[Termination "Sanan_Sjugirov won on time"]

1. c4 c6 2. d4 d5 3. Nf3 Nf6 4. e3 e6 5. Bd3 Nbd7 6. O-O Be7 7. b3 O-O 8. Bb2 b6 9. Nbd2 Bb7 10. Qe2 c5 11. Rfd1 Ne4 12. cxd5 exd5 13. dxc5 Ndxc5 14. Nxe4 Nxd3 15. Rxd3 Qe8 16. Nc3 Ba6 17. Nxd5 Bxd3 18. Qxd3 Rd8 19. Rd1 Bc5 20. b4 Bd6 21. Ng5 f5 22. g3 h6 23. Nf3 Rf7 24. Qb3 Qe4 25. Nh4 Rdd7 26. Rd4 Qe8 27. Nxf5 Kh7 28. Nxd6 Rxd6 29.
Qd3+ Kh8 30. Nf4 Rxd4 31. Bxd4 Rd7 32. Qf5 a5 33. bxa5 bxa5 34. Qxa5 Qe4 35. Qe5 Qb1+ 36.
Kg2 Qb7+ 37. e4 Rf7 38. Ne6 Re7 39. Qd5 Qc8 40. Nxg7 1-0

[Event "*** Titled Tuesday Blitz"]
[Site "Chess.com"]
[Date "2019.08.06"]
[Round "5"]
[White "canwedoit"]
[Black "NMZanette"]
[Result "1-0"]
[WhiteElo "2433"]
[BlackElo "2323"]
[TimeControl "180+2"]
[EndTime "14:04:40 PDT"]
[Termination "canwedoit won by resignation"]

1. d4 f5 2. Nc3 Nf6 3. Bg5 c6 4. Bxf6 exf6 5. e3 Qa5 6. Bd3 Ba3 7. Qc1 d5 8. Ne2 Bd6 9. O-O O-O 10. a3 Qc7 11. h3 g6 12. Nd1 Be6 13. c4 dxc4 14.
Bxc4 Bxc4 15. Qxc4+ Qf7 16. Qd3 Nd7 17. Rc1 Nb6 18.
Ndc3 Rad8 19. Qb1 Kg7 20. Rfd1 Bb8 21. Na2 Rfe8 22. Nb4 Qc7 23. g3 Qe7 24. Nd3 h5 25. h4 Nd5 26. Nc5 Nxe3 27. Rd3 Nd5 28. Nc3 Nxc3 29. bxc3 b6 30. Na6 Qxa3 31. Nb4 Qa4 32. Rc2 a5 33. Na6 Qc4 34. Rb2 Qxa6 35. Rxb6 Qc8 36.
d5 cxd5 37. Qb5 Re1+ 38. Kg2 Be5 39. Rb7+ Kh8 40. Rxd5 Rd1 41. Rc5 Qe6 42. Rb6 Qa2 43. Rxe5 R1d5 44. Re8+ Kg7 45. Rb7+ R8d7 46. Rxd7+ 1-0

[Event "*** Titled Tuesday Blitz"]
[Site "Chess.com"]
[Date "2019.08.06"]
[Round "5"]
[White "Slovak_fighter2000"]
[Black "VeraNebolsina"]
[Result "0-1"]
[WhiteElo "2470"]
[BlackElo "2389"]
[TimeControl "180+2"]
[EndTime "14:04:41 PDT"]
[Termination "VeraNebolsina won by resignation"]

1. d4 Nf6 2. Bf4 g6 3. Nc3 d5 4. e3 Bg7 5. h4 h5 6. Nf3 O-O 7. Ne5 c6 8. Be2 Nfd7 9. g4 Nxe5 10. dxe5 Qb6 11. Qd2 Bxg4 12. Bxg4 hxg4 13. O-O-O Nd7 14.
h5 g5 15. h6 Bxe5 16. Bxe5 Nxe5 17. e4 f6 18. b3 d4 19. Ne2 Rfd8 20. Ng3 d3 21.
Nf5 Qc5 22. c4 b5 23. Qc3 Qa3+ 24. Kb1 bxc4 25. f4 gxf3 26. Rdg1 d2 27. Rxg5+ Kh8 28. Rgg1 Rd3 29. Qb2 Qc5 30. h7 c3 31. Qc2 Rad8 32.
Rd1 Ng4 33. Rhg1 Qxg1 34. Rxg1 d1=Q+ 35. Rxd1 Rxd1+ 36. Qxd1 Rxd1+ 37. Kc2 Rd2+ 38. Kxc3 f2 39. Ng3 Rxa2 40. Nf1 Kxh7 0-1

[Event "*** Titled Tuesday Blitz"]
[Site "Chess.com"]
[Date "2019.08.06"]
[Round "5"]
[White "StephenDedalus83"]
[Black "tigra"]
[Result "0-1"]
[WhiteElo "2810"]
[BlackElo "2763"]
[TimeControl "180+2"]
[EndTime "14:04:42 PDT"]
[Termination "tigra won by resignation"]

1. e4 e6 2. d4 d5 3. Nc3 Bb4 4. e5 c5 5. a3 Bxc3+ 6. bxc3 Qa5 7. Bd2 Qa4 8. Qb1 c4 9. h4 Nc6 10. h5 h6 11. g4 Bd7 12. Bh3 Nge7 13. Be3 O-O-O 14.
Kd2 Rdf8 15. Ne2 f5 16. f3 g5 17. hxg6 fxg4 18. g7 gxh3 19. gxf8=Q+ Rxf8 20. Rxh3 Be8 21. Nf4 Rg8 22. Qh1 Nf5 23. Bf2 Bf7 24. Rh2 Qa5 25. Rg2 Rxg2 26. Qxg2 Nfxd4 27. Bxd4 Nxd4 28. Qg7 Nxf3+ 29. Ke2 Ng5 30. Qf8+ Kd7 31. Qd6+ Ke8 32. Qb8+ Qd8 33. Qxb7 Ne4 34. Qb5+ Kf8 35. Qb4+ Kg8 36.
Rg1+ Kh8 37. Kd1 d4 38. Qxc4 dxc3+ 39. Nd3 Qb6 40. Rh1 Qb1+ 41. Nc1 Nf2+ 42. Ke1 Qxc1+ 43. Kxf2 Qxh1 0-1

[Event "*** Titled Tuesday Blitz"]
[Site "Chess.com"]
[Date "2019.08.06"]
[Round "5"]
[White "Ibraev_Vasilj"]
[Black "Lion_DL"]
[Result "0-1"]
[WhiteElo "2288"]
[BlackElo "2350"]
[TimeControl "180+2"]
[EndTime "14:04:42 PDT"]
[Termination "Lion_DL won by resignation"]

1. e4 Nc6 2. d4 d5 3. e5 f6 4. exf6 exf6 5. Nf3 Bg4 6. Be2 Qd7 7. Nbd2 Bd6 8. O-O Nge7 9. Re1 O-O 10. Nf1 Rae8 11.
Ne3 Bh5 12. c3 Bf7 13. Bd2 Nf5 14. Nxf5 Qxf5 15. Bd3 Qd7 16. Qc2 g6 17. Bh6 Rxe1+ 18. Rxe1 Re8 19. Rxe8+ Qxe8 20. Qd2 a6 21. h3 Nd8 22.
Bf4 Qe7 23. g3 Ne6 24. Bxd6 Qxd6 25. h4 Kg7 26. Kg2 h5 27. Qe3 a5 28. Ne1 b6 29.
Bb5 c5 30. Nf3 Nc7 31. Bd3 c4 32. Bc2 b5 33. a3 b4 34. axb4 axb4 35. Ng1 bxc3 36.
bxc3 Nb5 37. Ne2 Qa3 38. f3 Qb2 39. Ba4 Nxc3 40. Qxc3 Qxe2+ 41. Kg1 Be6 42. Bc6 Bh3 0-1

[Event "*** Titled Tuesday Blitz"]
[Site "Chess.com"]
[Date "2019.08.06"]
[Round "5"]
[White "GremioPrudente"]
[Black "NoGalloNoParty"]
[Result "0-1"]
[WhiteElo "2229"]
[BlackElo "2318"]
[TimeControl "180+2"]
[EndTime "14:04:46 PDT"]
[Termination "NoGalloNoParty won on time"]

1. Nf3 Nf6 2. c4 c5 3. g3 d5 4.
Bg2 Nc6 5. cxd5 Nxd5 6. Nc3 Nc7 7. O-O e5 8. d3 Be7 9. a3 O-O 10.
Be3 Ne6 11. Rc1 Re8 12. Qc2 Ned4 13. Bxd4 exd4 14. Ne4 b6 15. Ned2 Bd7 16. Rfe1 Rc8 17. Nc4 Be6 18. Nce5 Bd5 19. Nxc6 Bxc6 20. b3 Rc7 21. a4 Bf8 22. Qd2 Bd5 23. Rb1 Rce7 24. Rb2 Re6 25. Ng5 Rg6 26. Nf3 Be7 27. Qf4 Bd6 28.
Qd2 Ba8 29. Kf1 Qd7 30. Kg1 Rh6 31. Qg5 Rg6 32. Qd2 Qe6 33. Kf1 Qf6 34. Kg1 Rh6 35. Rf1 Qg6 36. Re1 Qh5 37. h4 Qg6 38. Qg5 Rh5 39.
Qxg6 hxg6 40. Kf1 Bd5 41. Kg1 Rf5 42. Kf1 Rf6 43. Kg1 Bxf3 0-1

[Event "*** Titled Tuesday Blitz"]
[Site "Chess.com"]
[Date "2019.08.06"]
[Round "5"]
[White "Jospem"]
[Black "mikhaillushenkov"]
[Result "1-0"]
[WhiteElo "2918"]
[BlackElo "2683"]
[TimeControl "180+2"]
[EndTime "14:04:47 PDT"]
[Termination "Jospem won by resignation"]

1. c4 e6 2. g3 d5 3. Nf3 c6 4.
b3 Nf6 5. Bb2 Nbd7 6. Bg2 Bd6 7.
O-O O-O 8. Nc3 a6 9. e3 e5 10. d3 h6 11. Rc1 b5 12. Nd2 Bb7 13.
Qe2 Re8 14. Rfd1 Qe7 15. Nf3 Rad8 16. Nh4 Qe6 17. Qf1 g6 18. Bh3 Qe7 19. Bg2 Nf8 20. e4 d4 21. Ne2 Ne6 22. Nf3 bxc4 23. Rxc4 c5 24. Rcc1 Nd7 25. Nh4 Qf6 26. Rc2 a5 27. Bc1 Bf8 28. Qe1 g5 29. Nf5 Ng7 30. Nxg7 Bxg7 31.
Qxa5 Qa6 32. Qxa6 Bxa6 33. g4 Ra8 34. Ng3 Rec8 35. Nf5 Bf8 36. Bf1 f6 37. h4 Kf7 38.
Bd2 Ke6 39. Rdc1 Bb5 40. h5 Ra3 41. Bb4 Raa8 42. a4 Ba6 43. Bd2 Rcb8 44. b4 cxb4 45. Rc7 Bb7 46. Be2 Bc8 47. Bd1 Kf7 48. Bb3+ Ke8 49.
Bd5 Kd8 50. Bxa8 Rxa8 51. R7c4 Ba6 52. Bxb4 Bxc4 53. Rxc4 Rxa4 54. Bxf8 Rxc4 55. Be7+ Ke8 56. dxc4 1-0

[Event "*** Titled Tuesday Blitz"]
[Site "Chess.com"]
[Date "2019.08.06"]
[Round "5"]
[White "Sveta10"]
[Black "LarissaSteenbekkers"]
[Result "0-1"]
[WhiteElo "2042"]
[BlackElo "1807"]
[TimeControl "180+2"]
[EndTime "14:04:47 PDT"]
[Termination "LarissaSteenbekkers won by resignation"]

1. e4 e6 2. d4 d5 3. Nd2 Nf6 4. e5 Nfd7 5. Bd3 c5 6. c3 Nc6 7. Ne2 cxd4 8. cxd4 f6 9. exf6 Nxf6 10. O-O Bd6 11.
Nf3 Qc7 12. Ng3 O-O 13. Bd2 Bd7 14. Re1 Kh8 15. Rc1 Ng4 16. Qe2 Qb6 17. Bc3 Rae8 18. h3 Bxg3 19. hxg4 Bb8 20. Ne5 Bxe5 21. dxe5 Nd4 22. Qe3 Nb5 23. Qh3 Qxf2+ 24. Kh1 h6 25. Re2 Qf4 26. Bd2 Qf7 27. Bxh6 gxh6 28. Qxh6+ Kg8 29. Re3 Qg7 30. Qh5 Nd4 31. Rh3 Bc6 32. Bh7+ Kh8 33. Bg6+ Kg8 34. Bxe8 Bxe8 35. Qh4 Ne2 36.
Re1 Nf4 37. Rh2 d4 38. Qg3 Bc6 39. Rd1 d3 40. Qe3 Nxg2 41. Rxg2 Qxg4 42. Qg3 Qxg3 0-1

[Event "*** Titled Tuesday Blitz"]
[Site "Chess.com"]
[Date "2019.08.06"]
[Round "5"]
[White "AntonSmirnov"]
[Black "RegZryt"]
[Result "1-0"]
[WhiteElo "2870"]
[BlackElo "2603"]
[TimeControl "180+2"]
[EndTime "14:04:49 PDT"]
[Termination "AntonSmirnov won by resignation"]

1. e4 c5 2. Nf3 e6 3. d4 cxd4 4. Nxd4 Nf6 5. Nc3 Nc6 6. Ndb5 Bc5 7. Nd6+ Ke7 8. Nxc8+ Rxc8 9. Bd3 d6 10. O-O Re8 11. Kh1 Kf8 12. Bg5 h6 13. Bh4 Ne5 14. f4 Ng6 15. Bxf6 Qxf6 16. e5 Qh4 17. Bxg6 fxg6 18.
exd6 Red8 19. d7 Rc7 20. Qe2 Qe7 21. Qe4 Kf7 22. Qe2 Rcxd7 23. Ne4 Bd4 24. c3 Bf6 25. Rae1 a6 26. h3 b5 27. a3 Rd5 28. Rf3 Qd7 29. Kh2 Rd1 30. Nc5 Rxe1 31. Qxe1 Qd5 32. Ne4 Qd1 33. Qf2 Rd7 34. Re3 Qd5 35. Re2 a5 36. Qe3 Qd3 37. Qf2 Qd5 38. Nd2 b4 39.
axb4 axb4 40. cxb4 Bxb2 41. Nf3 Bf6 42. Qe3 Rd6 43. Rd2 Qc6 44. b5 Qd7 45. Rc2 Bd8 46. Ne5+ 1-0

[Event "*** Titled Tuesday Blitz"]
[Site "Chess.com"]
[Date "2019.08.06"]
[Round "5"]
[White "rst2003"]
[Black "JMatias"]
[Result "1-0"]
[WhiteElo "2290"]
[BlackElo "2448"]
[TimeControl "180+2"]
[EndTime "14:04:49 PDT"]
[Termination "rst2003 won by checkmate"]

1. e4 e6 2. d4 d5 3. Nd2 Nf6 4. e5 Nfd7 5. Bd3 c5 6. c3 Nc6 7.
Ne2 cxd4 8. cxd4 f6 9. exf6 Nxf6 10. Nf3 Bd6 11. O-O O-O 12. h3 a6 13. Be3 Nh5 14.
Ng5 h6 15. Nh7 Rf7 16. Bg6 Rc7 17. Bxh5 Kxh7 18. Nf4 Qf6 19. Ng6 Bd7 20. f4 Be8 21.
Ne5 Bxh5 22. Qxh5 Qf5 23. Qe2 Rac8 24. a3 Qe4 25. Qf2 Rf8 26. Rae1 Bxe5 27. dxe5 d4 28. Bc1 Qd5 29. Rd1 Rd7 30. Qc2+ d3 31. Qb1 Qb3 32. Be3 Ne7 33. Rd2 Nf5 34. Bf2 Kg8 35. Rfd1 Rfd8 36. g4 Ne7 37. Bh4 Kf7 38. Kf2 Rd4 39. Ke3 Nd5+ 40. Kf3 Rxf4+ 41. Kg3 g5 42. Rxd3 Qc4 43.
Rc3 Nxc3 44. Qh7+ Ke8 45. Qg6+ Rf7 46. Qg8+ Ke7 47. Qxd8# 1-0

[Event "*** Titled Tuesday Blitz"]
[Site "Chess.com"]
[Date "2019.08.06"]
[Round "5"]
[White "PIwan"]
[Black "chessdjw"]
[Result "0-1"]
[WhiteElo "2532"]
[BlackElo "2659"]
[TimeControl "180+2"]
[EndTime "14:04:49 PDT"]
[Termination "chessdjw won by checkmate"]

1. c4 g6 2. d4 Bg7 3. e4 e6 4.
Nc3 Ne7 5. Bg5 h6 6. Bh4 g5 7. Bg3 d5 8. Nf3 dxe4 9. Nxe4 f5 10. Be5 fxe4 11. Bxg7 Rh7 12. Bf6 exf3 13. Bd3 Nd7 14. Bg6+ Kf8 15. Qxf3 Nxf6 16. Qxf6+ Kg8 17. Bxh7+ Kxh7 18. Qf7+ Kh8 19. Qf6+ Kh7 20. h4 g4 21. h5 Bd7 22. Qf7+ Kh8 23. Qf6+ Kh7 24. Qf7+ Kh8 25. Qf6+ Kg8 26. Rh4 e5 27. dxe5 Nc6 28. Qg6+ Kf8 29. Qxh6+ Ke8 30. Qg6+ Kf8 31. O-O-O Nxe5 32. Qh6+ Kg8 33. g3 Qe7 34. Qe3 Bf5 35. h6 Kh7 36.
Re1 Nd3+ 37. Kd2 Qb4+ 38. Ke2 Qxe1# 0-1

[Event "*** Titled Tuesday Blitz"]
[Site "Chess.com"]
[Date "2019.08.06"]
[Round "5"]
[White "kesarev"]
[Black "vpsetter"]
[Result "0-1"]
[WhiteElo "2460"]
[BlackElo "2645"]
[TimeControl "180+2"]
[EndTime "14:04:49 PDT"]
[Termination "vpsetter won by resignation"]

1. Nf3 Nf6 2. c4 e6 3. g3 d5 4. Bg2 Be7 5. O-O O-O 6. b3 b6 7.
Bb2 Bb7 8. e3 c5 9. Qe2 dxc4 10.
bxc4 Qc7 11. Nc3 a6 12. Rac1 Rd8 13. Rfd1 Nbd7 14. d4 cxd4 15. exd4 Rac8 16. d5 Qxc4 17. dxe6 Qxe6 18. Qxe6 fxe6 19. Ng5 Bxg2 20. Kxg2 Nc5 21. Ba3 Rxd1 22. Rxd1 h6 23. Nf3 Rd8 24. Rxd8+ Bxd8 25. Nd4 Nfd7 26. Nce2 Bf6 27. Nc6 Kf7 28. Nf4 g5 29. Nh5 Bc3 30. f4 Kg6 31. g4 Nd3 32. f5+ exf5 33.
Ne7+ Kh7 34. Nxf5 Bb4 35. Bxb4 Nxb4 36. a4 Nd5 37. Kf3 Nc5 38. Nhg3 Nxa4 39. Ke4 Nf6+ 40. Ke5 Nxg4+ 41. Ke6 Nc5+ 42. Kf7 Nxh2 43. Ne4 Nxe4 0-1

[Event "*** Titled Tuesday Blitz"]
[Site "Chess.com"]
[Date "2019.08.06"]
[Round "5"]
[White "slowdgehammer"]
[Black "catalin009"]
[Result "1-0"]
[WhiteElo "2436"]
[BlackElo "2617"]
[TimeControl "180+2"]
[EndTime "14:04:49 PDT"]
[Termination "slowdgehammer won by checkmate"]

1. Nf3 Nf6 2. c4 e6 3. b3 d5 4.
Bb2 Be7 5. g3 O-O 6. Bg2 c5 7.
O-O b6 8. e3 Nbd7 9. Nc3 Ba6 10. Qe2 Qc7 11. Rac1 Rad8 12. d3 Nb8 13. Ne1 Nc6 14. g4 d4 15. Nb5 Bxb5 16. cxb5 Ne5 17. g5 Nd5 18. exd4 Ng6 19. dxc5 Bxg5 20. Rc4 bxc5 21.
Nf3 Ndf4 22. Qe4 Bh6 23. d4 f5 24. Qc6 Qe7 25. dxc5 Nh4 26. Nxh4 Qxh4 27. Qf3 Rd3 28. Qxd3 Qg5 29. Rxf4 Qxf4 30. c6 Bg5 31. Qe2 Re8 32. Rd1 Bd8 33. Qc4 Qh6 34. Bd4 Bc7 35. h3 Qf4 36. Be3 Qh2+ 37. Kf1 f4 38. Bxa7 f3 39. Bxf3 Rf8 40. Qxe6+ Kh8 41. Qg4 Qe5 42. Bd4 Qxb5+ 43. Be2 Qxc6 44. Qxg7# 1-0

[Event "*** Titled Tuesday Blitz"]
[Site "Chess.com"]
[Date "2019.08.06"]
[Round "5"]
[White "Hanging_pointer"]
[Black "Saitama_Hero"]
[Result "0-1"]
[WhiteElo "2458"]
[BlackElo "2329"]
[TimeControl "180+2"]
[EndTime "14:04:51 PDT"]
[Termination "Saitama_Hero won by resignation"]

1. e4 e6 2. d4 d5 3. Nd2 Nf6 4. e5 Nfd7 5. Bd3 c5 6. c3 Nc6 7. Ne2 cxd4 8. cxd4 f6 9. exf6 Nxf6 10. Nf3 Bd6 11. O-O Qc7 12. Bg5 O-O 13. Bh4 Nh5 14. Qc2 h6 15. Bh7+ Kh8 16. Bg6 Rxf3 17. Bxh5 Rf5 18.
Bg6 Bxh2+ 19. Kh1 Bd6 20. Bxf5 exf5 21. Rfe1 Qf7 22. Bg3 Bb4 23. Red1 g5 24. Be5+ Kg8 25. Kg1 f4 26. a3 Bf8 27. Qc3 Bg4 28. f3 Bf5 29. g3 Nxe5 30. dxe5 Rc8 31. Qb3 Rc2 32. Nd4 Bc5 33. g4 Bxg4 34. fxg4 f3 35. Qe3 Rg2+ 36.
Kf1 Rxg4 37. e6 Qh5 38. Qxf3 Rf4 39. Qxf4 gxf4 40. Ke1 Bxd4 41. Rxd4 Qe5+ 42. Kf2 Qxd4+ 0-1

[Event "*** Titled Tuesday Blitz"]
[Site "Chess.com"]
[Date "2019.08.06"]
[Round "5"]
[White "LuisFSiles"]
[Black "Mbneu"]
[Result "1-0"]
[WhiteElo "2199"]
[BlackElo "2265"]
[TimeControl "180+2"]
[EndTime "14:04:51 PDT"]
[Termination "LuisFSiles won on time"]

1. e4 c5 2. Nf3 Nf6 3. e5 Nd5 4.
c3 Nc6 5. d4 cxd4 6. cxd4 d6 7.
Bc4 e6 8. O-O Be7 9. Qe2 O-O 10.
Qe4 dxe5 11. dxe5 g6 12. Bh6 Re8 13. h4 a6 14. Nbd2 b5 15. Bb3 Bb7 16. Qg4 Na5 17. Rad1 Nxb3 18. axb3 Qc7 19. Ne4 Qc2 20. Nd4 Qxb2 21.
Rd2 Qa3 22. Nxe6 Bc8 23. Rxd5 Bxe6 24. Qd1 Red8 25. Rxd8+ Rxd8 26. Qf3 Qxb3 27. Nf6+ Kh8 28. Qb7 Qb4 29. h5 Bf8 30. Bxf8 Qxf8 31. Qc7 Rc8 32. Qb7 Qc5 33. h6 Qxe5 34. Qe7 Qc5 35. Qb7 Qc6 36. Qe7 Qc7 37. Nd7 Qc3 38. Nc5 Qe5 39. Nxe6 fxe6 40. f4 Qd4+ 41. Kh2 1-0

[Event "*** Titled Tuesday Blitz"]
[Site "Chess.com"]
[Date "2019.08.06"]
[Round "5"]
[White "Airquake"]
[Black "area_5"]
[Result "0-1"]
[WhiteElo "2618"]
[BlackElo "2585"]
[TimeControl "180+2"]
[EndTime "14:04:55 PDT"]
[Termination "area_5 won on time"]

1. g3 d5 2. Bg2 Nf6 3. Nf3 e6 4.
O-O Nc6 5. b3 a5 6. a4 Be7 7. Bb2 O-O 8. d3 Nb4 9. Nbd2 Bd7 10. c3 Na6 11. e4 dxe4 12. dxe4 Bc6 13. Qe2 Qb8 14. Nd4 Bd7 15. e5 Nd5 16. Rad1 c6 17.
Nc4 Nc5 18. f4 b5 19. axb5 cxb5 20. Nd2 a4 21. b4 a3 22. Ba1 Na4 23. Nf5 exf5 24.
Bxd5 Ra6 25. Nb3 Bc6 26. Bxc6 Rxc6 27. Nd4 Nxc3 28. Qc2 Rc4 29. Bxc3 Bxb4 30. Bxb4 Rxc2 31. Nxc2 Qa7+ 32. Kg2 Rc8 33. Nxa3 Qa8+ 34. Kh3 Qa4 35. Rd4 h6 36. Re1 Rc6 37. Re3 Kh7 38. g4 fxg4+ 39. Kxg4 Qa8 40. f5 Rc1 41. e6 Qg2+ 42. Kf4 fxe6 43. fxe6 Rf1+ 44. Ke5 Qg5+ 45. Kd6 Qxe3 46.
Nxb5 Rf6 0-1

[Event "*** Titled Tuesday Blitz"]
[Site "Chess.com"]
[Date "2019.08.06"]
[Round "5"]
[White "Msb2"]
[Black "vladimirdamjanovic"]
[Result "1-0"]
[WhiteElo "2857"]
[BlackElo "2629"]
[TimeControl "180+2"]
[EndTime "14:04:56 PDT"]
[Termination "Msb2 won by resignation"]

1. d4 Nf6 2. c4 c5 3. d5 b5 4. cxb5 a6 5. bxa6 d6 6. Nc3 g6 7. e4 Bg7 8. Nf3 Qa5 9. Bb5+ Bd7 10. Bxd7+ Nbxd7 11. O-O O-O 12. Qc2 Rfb8 13. Bd2 Qxa6 14. b3 Ne8 15. a4 Nc7 16. Rab1 Rb7 17. Bg5 Kf8 18. Nd2 Ne5 19. Bf4 Qd3 20. Qc1 Rab8 21.
Nd1 Qe2 22. Nc3 Qa6 23. Bxe5 Bxe5 24. Nc4 Bg7 25. Qc2 Rb4 26. g3 h5 27. Kg2 Kg8 28.
f4 Qa8 29. Rfd1 f5 30. exf5 Bxc3 31. Qxc3 Nxd5 32. Qf3 Rxc4 33. Rxd5 Rc2+ 34. Kh3 gxf5 35. Qd3 Rc3 36. Qxf5 e5 37. Qg6+ Kf8 38. Qxd6+ Kg8 39. Qe6+ Kh8 40. Rxe5 Rb7 41. Rxh5+ Rh7 42. Qf6+ Kg8 43.
Rxh7 Qc8+ 44. f5 Kxh7 45. Re1 1-0

[Event "*** Titled Tuesday Blitz"]
[Site "Chess.com"]
[Date "2019.08.06"]
[Round "5"]
[White "Blazinq"]
[Black "fm24601"]
[Result "1-0"]
[WhiteElo "2608"]
[BlackElo "2514"]
[TimeControl "180+2"]
[EndTime "14:04:56 PDT"]
[Termination "Blazinq won by checkmate"]

1. e4 e5 2. Nf3 Nc6 3. Bb5 a6 4. Ba4 Nf6 5. O-O Be7 6. Re1 b5 7. Bb3 d6 8. c3 O-O 9. h3 Na5 10. Bc2 c5 11. d4 Qc7 12. a3 Nc6 13. d5 Nd8 14. Nbd2 Ne8 15. a4 Rb8 16. axb5 axb5 17. Nf1 g6 18. Ng3 f6 19. h4 Ng7 20. Nh2 f5 21. exf5 Nxf5 22. Nxf5 Bxf5 23. h5 Bf6 24. hxg6 hxg6 25. Ng4 Bg7 26. Ne3 e4 27. g4 Bc8 28.
Bxe4 Qf7 29. f3 Be5 30. Nf1 Bxg4 31. Bh6 Bh5 32. Bxf8 Qxf8 33. Qe2 Nf7 34. Qg2 Kg7 35. Ra7 Re8 36. Ng3 Bxg3 37. Qxg3 Re5 38. Kf2 Qe8 39. Qf4 Kg8 40. Rg1 Nd8 41. Qf6 Rxe4 42. Qg7# 1-0

[Event "*** Titled Tuesday Blitz"]
[Site "Chess.com"]
[Date "2019.08.06"]
[Round "5"]
[White "RoelandPruijssers"]
[Black "Walter_White_Poland"]
[Result "1-0"]
[WhiteElo "2486"]
[BlackElo "2330"]
[TimeControl "180+2"]
[EndTime "14:04:56 PDT"]
[Termination "RoelandPruijssers won on time"]

1. e4 e5 2. Nf3 Nc6 3. Bc4 Nf6 4. d3 d5 5. exd5 Nxd5 6. O-O Nb6 7. Bb3 Bg4 8. Re1 Qe7 9. c3 O-O-O 10. Be3 Nd5 11.
Nbd2 f6 12. Ba4 Nxe3 13. Rxe3 Qc5 14. Ne4 Qb6 15. h3 Bf5 16. b4 Bxe4 17. Rxe4 f5 18. Rc4 e4 19. Bxc6 Rxd3 20. Qa4 exf3 21. Bxf3 Bd6 22.
Re1 Rd8 23. Qc2 Bg3 24. Kf1 Rd2 25. Qxf5+ Kb8 26. Be2 R2d6 27. Qc5 Rf6 28. Bf3 Qxc5 29. bxc5 Bf4 30. c6 b6 31. Rd4 Bd6 32. Re2 a6 33.
Bg4 b5 34. Bd7 Ka7 35. g3 Kb6 36. Kg2 Bc5 37. Rd5 Rdf8 38. f4 h6 39. h4 1-0